Thunder vs Atomiques

Created - 9 décembre 2012 at 20:18

Goals
1 2 3 OT1 T
Thunder 1 4 1 1 7
Atomiques 1 3 2 0 6
Shots
1 2 3 OT1 T
Thunder 10 13 9 2 34
Atomiques 14 12 8 0 34

1st period

1. Thunder , Jason Chimera 4 (Andreas Engqvist, Ben Bishop) at 7:57
2. Atomiques , Daniel Carcillo 9 (Brandon Dubinsky) at 11:41 (PP)

Penalties :
Alexei Semenov (TRO) for High sticking (Minor) at 8:02, Ray Macias (TRO) for Interference (Minor) at 11:39

2nd period

3. Thunder , Samuel Pahlsson 7 (Ryan Hollweg) at 1:53
4. Atomiques , Boyd Gordon 3 (Denis Hamel, Andy Greene) at 5:28
5. Atomiques , Daniel Carcillo 10 (Phil Kessel, Kyle Okposo) at 10:15
6. Thunder , Éric Dazé 1 (Pierre-Alexandre Parenteau) at 10:51
7. Atomiques , John Zeiler 13 (Andy Greene, Denis Hamel) at 11:53
8. Thunder , T.J. Oshie 4 (Ryan Hollweg, Alexei Semenov) at 12:18
9. Thunder , T.J. Oshie 5 (Samuel Pahlsson, Ryan Hollweg) at 15:58

Penalties :
Joey Ryan (TRO) for High sticking (Minor) at 5:46, Adam Pardy (STB) for Tripping (Minor) at 16:44

3rd period

10. Atomiques , John Zeiler 14 (Brendon Nash) at 1:36
11. Thunder , T.J. Oshie 6 (Ryan Hollweg, Samuel Pahlsson) at 4:16
12. Atomiques , Brett Sutter 1 (Pat Rissmiller, Daniel Carcillo) at 14:22

Penalties :
Andy Greene (STB) for Hooking (Minor) at 7:13, Kenndal McArdle (STB) for Roughing (Minor) at 15:36, Ryan Hollweg (TRO) for Hooking (Minor) at 16:35, Ryan Hollweg (TRO) for Tripping (Minor) at 19:18

Overtime #1

13. Thunder , Éric Dazé 2 (Ryan Hollweg) at 1:38

Penalties :
No Penalty

Goalie Stats

Ben Bishop (TRO), 28 saves from 34 shots - (0,824), W, 2-1-0, 61:38 minutes
Mike Brodeur (STB), 27 saves from 34 shots - (0,794), OTL, 7-0-1, 61:38 minutes

Players Stats for Thunder

Player Name              G  A  P  +/- PIM S  H  SB GA TA FO     MP     PP MP  PK MP  
------------------------------------------------------------------------------------
Adam Hall                0  0  0  -1  0   1  1  0  0  0  0/1    11:38   0:00   0:13 
Alexei Semenov           0  1  1   2  2   2  2  0  2  0  0/0    28:55   2:54   3:10 
Andreas Engqvist         0  1  1  -1  0   1  2  0  0  0  2/4    11:03   0:00   0:00 
Brandon Mashinter        0  0  0  -1  0   0  0  0  0  0  0/0     7:01   0:00   0:00 
Derek Peltier            0  0  0   1  0   0  2  0  0  2  0/0    23:45   2:03   3:41 
Doug Janik               0  0  0   1  0   0  0  0  0  0  0/0     3:34   0:00   0:42 
Éric Dazé                2  0  2   1  0   4  3  0  1  0  1/1    20:06   2:22   3:04 
Ivan Novoseltsev         0  0  0  -1  0   1  1  0  1  0  0/0     8:44   0:00   1:06 
Jason Chimera            1  0  1  -1  0   4  0  0  0  1  1/1    13:17   0:07   1:00 
Jeff Finger              0  0  0   1  0   1  2  1  1  2  0/0    24:47   2:54   3:46 
Joey Ryan                0  0  0   0  2   0  2  0  0  0  0/0    17:46   0:00   1:35 
Pierre-Alexandre Parente 0  1  1   1  0   1  3  0  2  0  1/1    15:44   2:35   0:00 
Ray Macias               0  0  0   0  2   2  0  2  0  0  0/0    23:03   2:03   1:02 
Ryan Hollweg             0  5  5   3  4   3  1  0  2  0  5/8    21:38   2:27   2:06 
Samuel Pahlsson          1  2  3   2  0   4  0  1  0  0  17/32  21:33   2:35   2:36 
Scott Parse              0  0  0  -1  0   1  1  0  0  0  2/3    10:26   0:00   2:32 
T.J. Oshie               3  0  3   2  0   8  1  0  0  1  0/1    19:44   2:22   0:00 
Tom Pyatt                0  0  0   1  0   1  1  1  0  2  5/12   15:45   2:22   0:01 

Players Stats for Atomiques

Player Name              G  A  P  +/- PIM S  H  SB GA TA FO     MP     PP MP  PK MP  
------------------------------------------------------------------------------------
Adam Pardy               0  0  0   0  2   1  1  0  2  3  0/0    20:14   1:48   0:48 
Andy Greene              0  2  2  -4  2   1  3  1  1  0  0/0    27:01   3:52   2:19 
Boyd Gordon              1  0  1   0  0   4  3  1  1  0  10/21  20:42   2:31   2:52 
Brandon Dubinsky         0  1  1  -2  0   1  2  0  0  0  14/32  22:00   2:58   0:59 
Brendon Nash             0  1  1   2  0   0  1  0  1  0  0/0    15:51   0:00   1:50 
Brett Sutter             1  0  1   1  0   1  1  0  0  0  1/4     9:55   0:00   0:00 
Daniel Carcillo          2  1  3  -2  0   4  6  0  0  0  1/1    22:13   2:58   1:44 
Denis Hamel              0  2  2   0  0   5  1  0  1  0  1/2    16:45   2:31   0:17 
John Zeiler              2  0  2   0  0   6  1  0  0  0  1/1    20:41   2:31   2:51 
Jonathan Girard          0  0  0   2  0   0  0  1  0  1  0/0    13:36   0:00   0:06 
Kenndal McArdle          0  0  0  -1  2   0  3  0  0  0  0/0     6:36   0:00   0:00 
Kyle Okposo              0  1  1   1  0   2  0  1  0  0  0/0    11:06   0:11   0:00 
Kyle Turris              0  0  0  -1  0   0  0  0  0  0  1/2     6:37   0:00   0:00 
Nick Johnson             0  0  0  -1  0   0  2  0  0  0  0/0     8:32   0:11   1:11 
Pat Rissmiller           0  1  1   1  0   1  2  0  0  0  0/0    11:26   0:11   0:00 
Phil Kessel              0  1  1  -1  0   3  3  1  1  1  1/1    19:05   2:58   0:00 
Shawn Belle              0  0  0  -1  0   5  4  0  1  0  0/0    18:59   1:48   1:51 
Wes O'Neill              0  0  0  -3  0   0  3  0  0  4  0/0    29:13   3:52   3:00 

3 Stars

1 - T.J. Oshie (TRO)
2 - Daniel Carcillo (STB)
3 - Éric Dazé (TRO)

Power Play

Thunder - 0 on 3 Attempt(s) - 0,00%
Atomiques - 1 on 5 Attempt(s) - 20,00%

Penalty Kill

Thunder - 4 on 5 Attempt(s) - 80,00% - Score 0 goal in Penalty Kill
Atomiques - 3 on 3 Attempt(s) - 100,00% - Score 0 goal in Penalty Kill

Official

Referees : Kowal Tom and Walsh Ian
Linesman : Pierre Racicot and Steve Barton

Game Notes

Doug Janik is injured at 10:29 of 1st period (Broken Right Thumb)
T.J. Oshie has scored a Hat Trick!

Thunder

5 vs 5 Forward 
   Center                   Left Wing                Right Wing               Time % Phy DF OF 
 1 Samuel Pahlsson          Ryan Hollweg             T.J. Oshie               40     1   2  2  
 2 Tom Pyatt                Éric Dazé                Pierre-Alexandre Parentea30     1   2  2  
 3 Andreas Engqvist         Jason Chimera            Adam Hall                20     1   2  2  
 4 Brandon Mashinter        Scott Parse              Ivan Novoseltsev         10     1   2  2  

5 vs 5 Defense 
   Defense                  Defense                                           Time % Phy DF OF 
 1 Alexei Semenov           Jeff Finger                                       40     1   2  2  
 2 Doug Janik               Derek Peltier                                     30     1   2  2  
 3 Ray Macias               Joey Ryan                                         20     1   2  2  
 4 Alexei Semenov           Jeff Finger                                       10     1   2  2  

PowerPlay Forward 
   Center                   Left Wing                Right Wing               Time % Phy DF OF 
 1 Samuel Pahlsson          Ryan Hollweg             Pierre-Alexandre Parentea60     1   2  2  
 2 Tom Pyatt                Éric Dazé                T.J. Oshie               40     1   2  2  

PowerPlay Defense
   Defense                  Defense                                           Time % Phy DF OF 
 1 Alexei Semenov           Jeff Finger                                       60     1   2  2  
 2 Doug Janik               Derek Peltier                                     40     1   2  2  

Penalty Kill 4 Players Forward 
   Center                   Wing                     Time % Phy DF OF 
 1 Ryan Hollweg             Éric Dazé                60     1   2  2  
 2 Samuel Pahlsson          Ivan Novoseltsev         40     1   2  2  

Penalty Kill 4 Players Defense
   Defense                  Defense                  Time % Phy DF OF 
 1 Alexei Semenov           Jeff Finger              60     1   2  2  
 2 Doug Janik               Derek Peltier            40     1   2  2  

Penalty Kill - 3 Players Forward 
   Forward                                           Time % Phy DF OF 
 1 Ryan Hollweg                                      60     1   2  2  
 2 Éric Dazé                                         40     1   2  2  

Penalty Kill - 3 Players Defense
   Defense                  Defense                  Time % Phy DF OF 
 1 Alexei Semenov           Jeff Finger              60     1   2  2  
 2 Doug Janik               Derek Peltier            40     1   2  2  

4 vs 4 Forward 
   Center                   Wing                     Time % Phy DF OF 
 1 Ryan Hollweg             Éric Dazé                60     1   2  2  
 2 Samuel Pahlsson          Ivan Novoseltsev         40     1   2  2  

4 vs 4 Defense
   Defense                  Defense                  Time % Phy DF OF 
 1 Alexei Semenov           Jeff Finger              60     1   2  2  
 2 Doug Janik               Derek Peltier            40     1   2  2  

Last Minutes Offensive
   Center                   Left Wing                Right Wing               Defense                  Defense                  
   Samuel Pahlsson          Ryan Hollweg             Ivan Novoseltsev         Alexei Semenov           Jeff Finger              

Last Minutes Defensive
   Center                   Left Wing                Right Wing               Defense                  Defense                  
   Samuel Pahlsson          Ryan Hollweg             Ivan Novoseltsev         Alexei Semenov           Jeff Finger              

Goaltenders
Starting : Ben Bishop               
Backup : Adam Munro               

Extra Forwards
Normal : Jason Chimera, T.J. Oshie, Scott Parse - PP : Jason Chimera, T.J. Oshie - PK : Scott Parse
Extra Defensemen
Normal : Ray Macias, Joey Ryan, Doug Janik - PP : Ray Macias - PK : Joey Ryan, Doug Janik
Penalty Shots
Ryan Hollweg, Éric Dazé, Samuel Pahlsson, Ivan Novoseltsev, Adam Hall

Atomiques

5 vs 5 Forward 
   Center                   Left Wing                Right Wing               Time % Phy DF OF 
 1 Brandon Dubinsky         Daniel Carcillo          Phil Kessel              40     1   2  2  
 2 Boyd Gordon              Denis Hamel              John Zeiler              30     1   2  2  
 3 Brett Sutter             Pat Rissmiller           Kyle Okposo              20     1   2  2  
 4 Kyle Turris              Kenndal McArdle          Nick Johnson             10     1   2  2  

5 vs 5 Defense 
   Defense                  Defense                                           Time % Phy DF OF 
 1 Andy Greene              Wes O'Neill                                       40     1   2  2  
 2 Adam Pardy               Shawn Belle                                       30     1   2  2  
 3 Jonathan Girard          Brendon Nash                                      20     1   2  2  
 4 Andy Greene              Wes O'Neill                                       10     1   2  2  

PowerPlay Forward 
   Center                   Left Wing                Right Wing               Time % Phy DF OF 
 1 Brandon Dubinsky         Daniel Carcillo          Phil Kessel              60     1   2  2  
 2 Boyd Gordon              Denis Hamel              John Zeiler              40     1   2  2  

PowerPlay Defense
   Defense                  Defense                                           Time % Phy DF OF 
 1 Andy Greene              Wes O'Neill                                       60     1   2  2  
 2 Adam Pardy               Shawn Belle                                       40     1   2  2  

Penalty Kill 4 Players Forward 
   Center                   Wing                     Time % Phy DF OF 
 1 Boyd Gordon              John Zeiler              60     1   2  2  
 2 Brandon Dubinsky         Daniel Carcillo          40     1   2  2  

Penalty Kill 4 Players Defense
   Defense                  Defense                  Time % Phy DF OF 
 1 Andy Greene              Wes O'Neill              60     1   2  2  
 2 Adam Pardy               Shawn Belle              40     1   2  2  

Penalty Kill - 3 Players Forward 
   Forward                                           Time % Phy DF OF 
 1 Daniel Carcillo                                   60     1   2  2  
 2 Brandon Dubinsky                                  40     1   2  2  

Penalty Kill - 3 Players Defense
   Defense                  Defense                  Time % Phy DF OF 
 1 Andy Greene              Wes O'Neill              60     1   2  2  
 2 Adam Pardy               Shawn Belle              40     1   2  2  

4 vs 4 Forward 
   Center                   Wing                     Time % Phy DF OF 
 1 Brandon Dubinsky         Daniel Carcillo          60     1   2  2  
 2 Boyd Gordon              John Zeiler              40     1   2  2  

4 vs 4 Defense
   Defense                  Defense                  Time % Phy DF OF 
 1 Andy Greene              Wes O'Neill              60     1   2  2  
 2 Adam Pardy               Shawn Belle              40     1   2  2  

Last Minutes Offensive
   Center                   Left Wing                Right Wing               Defense                  Defense                  
   Brandon Dubinsky         Daniel Carcillo          John Zeiler              Andy Greene              Wes O'Neill              

Last Minutes Defensive
   Center                   Left Wing                Right Wing               Defense                  Defense                  
   Brandon Dubinsky         Daniel Carcillo          John Zeiler              Andy Greene              Wes O'Neill              

Goaltenders
Starting : Mike Brodeur             
Backup : Semyon Varlamov          

Extra Forwards
Normal : Pat Rissmiller, Kyle Okposo, Nick Johnson - PP : Pat Rissmiller, Kyle Okposo - PK : Nick Johnson
Extra Defensemen
Normal : Jonathan Girard, Brendon Nash, Adam Pardy - PP : Jonathan Girard - PK : Brendon Nash, Adam Pardy
Penalty Shots
Daniel Carcillo, Brandon Dubinsky, Denis Hamel, Boyd Gordon, John Zeiler

% Time on Ice - Thunder

Lines # - Real PCT - Wanted PCT - Time Play
Normal Forward
1 - 35% - 40% - 17:05
2 - 27% - 30% - 13:14
3 - 23% - 20% - 11:03
4 - 15% - 10% - 7:01
Normal Defense
1 - 34% - 40% - 16:26
2 - 40% - 30% - 19:24
3 - 24% - 20% - 11:35
4 - 2% - 10% - 0:58
PP Forward
1 - 52% - 60% - 2:35
2 - 48% - 40% - 2:22
PP Defense
1 - 47% - 60% - 2:21
2 - 53% - 40% - 2:36
PK Forward
1 - 81% - 60% - 4:34
2 - 19% - 40% - 1:06
PK Defense
1 - 56% - 60% - 3:10
2 - 44% - 40% - 2:30
PK3 Forward
1 - 100% - 60% - 1:18
2 - 0% - 40% - 0:00
PK3 Defense
1 - 56% - 60% - 0:44
2 - 44% - 40% - 0:34
44 Forward
1 - 100% - 60% - 1:20
2 - 0% - 40% - 0:00
44 Defense
1 - 49% - 60% - 0:39
2 - 51% - 40% - 0:41
Last Minute Offensive  - 0:00
Last Minute Defensive  - 0:00
Total
Forward - 61:38
Defense - 61:38

% Time on Ice - Atomiques

Lines # - Real PCT - Wanted PCT - Time Play
Normal Forward
1 - 38% - 40% - 18:19
2 - 28% - 30% - 13:32
3 - 20% - 20% - 9:55
4 - 14% - 10% - 6:37
Normal Defense
1 - 40% - 40% - 19:31
2 - 29% - 30% - 13:53
3 - 25% - 20% - 12:17
4 - 6% - 10% - 2:42
PP Forward
1 - 56% - 60% - 3:09
2 - 44% - 40% - 2:31
PP Defense
1 - 68% - 60% - 3:52
2 - 32% - 40% - 1:48
PK Forward
1 - 88% - 60% - 4:22
2 - 12% - 40% - 0:35
PK Defense
1 - 63% - 60% - 3:06
2 - 37% - 40% - 1:51
PK3 Forward
1 - 0% - 60%
2 - 0% - 40%
PK3 Defense
1 - 0% - 60%
2 - 0% - 40%
44 Forward
1 - 80% - 60% - 2:07
2 - 20% - 40% - 0:31
44 Defense
1 - 32% - 60% - 0:51
2 - 68% - 40% - 1:47
Last Minute Offensive  - 0:00
Last Minute Defensive  - 0:00
Total
Forward - 61:38
Defense - 61:38

Play by Play

1st period


0:01 of 1st period - Brandon Dubinsky wins face-off versus Samuel Pahlsson in neutral zone.
0:04 of 1st period - Jeff Finger is hit by Andy Greene and loses puck.
0:11 of 1st period - Wrist shot by Brandon Dubinsky.
0:11 of 1st period - Stopped by Ben Bishop without a rebound.
0:12 of 1st period - Boyd Gordon wins face-off versus Tom Pyatt in Thunder zone.
0:17 of 1st period - Wrist shot by Denis Hamel.
0:17 of 1st period - Stopped by Ben Bishop without a rebound.
0:18 of 1st period - Éric Dazé wins face-off versus Boyd Gordon in Thunder zone.
0:23 of 1st period - Wrist shot by Pierre-Alexandre Parenteau.
0:23 of 1st period - Stopped by Mike Brodeur with a rebound.
0:31 of 1st period - Snap shot by John Zeiler.
0:31 of 1st period - Stopped by Ben Bishop with a rebound.
0:33 of 1st period - Snap shot by Shawn Belle.
0:33 of 1st period - Stopped by Ben Bishop with a rebound.
0:42 of 1st period - Off-side.
0:43 of 1st period - Andreas Engqvist wins face-off versus Brett Sutter in neutral zone.
0:56 of 1st period - Snap shot by Kyle Okposo.
0:56 of 1st period - Stopped by Ben Bishop without a rebound.
0:57 of 1st period - Brandon Dubinsky wins face-off versus Samuel Pahlsson in Thunder zone.
0:58 of 1st period - Slapshot by Daniel Carcillo.
0:58 of 1st period - Stopped by Ben Bishop with a rebound.
1:22 of 1st period - Alexei Semenov is hit by Nick Johnson and loses puck.
2:13 of 1st period - Éric Dazé is hit by Brett Sutter and loses puck.
3:56 of 1st period - Snap shot by Phil Kessel.
3:56 of 1st period - Stopped by Ben Bishop without a rebound.
3:57 of 1st period - Samuel Pahlsson wins face-off versus Boyd Gordon in Thunder zone.
4:24 of 1st period - Doug Janik is hit by Shawn Belle and loses puck.
4:45 of 1st period - Ray Macias is hit by Shawn Belle and loses puck.
5:18 of 1st period - Andy Greene is hit by Éric Dazé and loses puck.
5:49 of 1st period - John Zeiler is hit by Alexei Semenov and loses puck.
6:02 of 1st period - Ray Macias is hit by Kenndal McArdle and loses puck.
7:57 of 1st period - Snap shot by Jason Chimera.
7:57 of 1st period - Goal by Jason Chimera - Thunder : 1 - Atomiques : 0.
7:58 of 1st period - Brandon Dubinsky wins face-off versus Samuel Pahlsson in neutral zone.
8:02 of 1st period - Minor Penalty to Alexei Semenov for High sticking.
8:03 of 1st period - Ryan Hollweg wins face-off versus Brandon Dubinsky in Thunder zone.
8:20 of 1st period - Jeff Finger is hit by Daniel Carcillo and loses puck.
8:33 of 1st period - Snap shot by John Zeiler.
8:33 of 1st period - Shot Misses the Net.
8:57 of 1st period - Snap shot by Samuel Pahlsson.
8:57 of 1st period - Shot Misses the Net.
9:41 of 1st period - Éric Dazé is hit by Phil Kessel.
10:02 of 1st period - Penalty to Alexei Semenov is over, Alexei Semenov is back on ice.
10:03 of 1st period - Jason Chimera is hit by Andy Greene.
10:28 of 1st period - Doug Janik is hit by Kenndal McArdle and loses puck.
10:29 of 1st period - Doug Janik from Thunder is injured at 10:29 of 1st period (Broken Right Thumb).
10:30 of 1st period - Samuel Pahlsson wins face-off versus Brandon Dubinsky in Thunder zone.
10:58 of 1st period - Off-side.
10:59 of 1st period - Tom Pyatt wins face-off versus Boyd Gordon in neutral zone.
11:06 of 1st period - Backhand shot by Éric Dazé.
11:06 of 1st period - Shot Misses the Net.
11:08 of 1st period - Snap shot by Éric Dazé.
11:08 of 1st period - Deflect By Shawn Belle.
11:08 of 1st period - Shot Hit the Post.
11:08 of 1st period - Puck is out of play.
11:09 of 1st period - Brandon Dubinsky wins face-off versus Samuel Pahlsson in Atomiques zone.
11:09 of 1st period - Brandon Dubinsky is hit by Derek Peltier.
11:23 of 1st period - Snap shot by Ryan Hollweg.
11:23 of 1st period - Shot Misses the Net.
11:29 of 1st period - Derek Peltier is hit by Daniel Carcillo and loses puck.
11:39 of 1st period - Minor Penalty to Ray Macias for Interference.
11:40 of 1st period - Brandon Dubinsky wins face-off versus Ryan Hollweg in Thunder zone.
11:41 of 1st period - Wrist shot by Daniel Carcillo.
11:41 of 1st period - Goal by Daniel Carcillo - Thunder : 1 - Atomiques : 1.
11:42 of 1st period - Samuel Pahlsson wins face-off versus Brandon Dubinsky in neutral zone.
11:44 of 1st period - Alexei Semenov is hit by Brandon Dubinsky and loses puck.
12:06 of 1st period - Icing by Samuel Pahlsson.
12:07 of 1st period - Samuel Pahlsson wins face-off versus Boyd Gordon in Thunder zone.
12:12 of 1st period - Slapshot by Alexei Semenov.
12:12 of 1st period - Stopped by Mike Brodeur with a rebound.
12:18 of 1st period - Snap shot by John Zeiler.
12:18 of 1st period - Stopped by Ben Bishop with a rebound.
12:20 of 1st period - Snap shot by Denis Hamel.
12:20 of 1st period - Stopped by Ben Bishop without a rebound.
12:21 of 1st period - Samuel Pahlsson wins face-off versus Brandon Dubinsky in Thunder zone.
12:32 of 1st period - Wrist shot by Ryan Hollweg.
12:32 of 1st period - Stopped by Mike Brodeur without a rebound.
12:33 of 1st period - Boyd Gordon wins face-off versus Tom Pyatt in Atomiques zone.
13:06 of 1st period - Snap shot by Brandon Dubinsky.
13:06 of 1st period - Shot Misses the Net.
13:26 of 1st period - Off-side.
13:27 of 1st period - Boyd Gordon wins face-off versus Tom Pyatt in neutral zone.
13:31 of 1st period - Icing by Tom Pyatt.
13:32 of 1st period - Tom Pyatt wins face-off versus Boyd Gordon in Thunder zone.
13:45 of 1st period - Slapshot by Denis Hamel.
13:45 of 1st period - Stopped by Ben Bishop with a rebound.
13:47 of 1st period - Slapshot by Andy Greene.
13:47 of 1st period - Stopped by Ben Bishop with a rebound.
14:38 of 1st period - Derek Peltier is hit by Kenndal McArdle and loses puck.
14:56 of 1st period - Icing by Adam Pardy.
14:57 of 1st period - Denis Hamel wins face-off versus Tom Pyatt in Atomiques zone.
15:48 of 1st period - Slapshot by Jason Chimera.
15:48 of 1st period - Stopped by Mike Brodeur with a rebound.
15:50 of 1st period - Wrist shot by Andreas Engqvist.
15:50 of 1st period - Stopped by Mike Brodeur without a rebound.
15:51 of 1st period - Boyd Gordon wins face-off versus Tom Pyatt in Atomiques zone.
16:04 of 1st period - Denis Hamel is hit by Pierre-Alexandre Parenteau and loses puck.
16:25 of 1st period - Backhand shot by Samuel Pahlsson.
16:25 of 1st period - Shot Misses the Net.
16:52 of 1st period - Nick Johnson is hit by Adam Hall and loses puck.
17:29 of 1st period - Slapshot by Boyd Gordon.
17:29 of 1st period - Stopped by Ben Bishop with a rebound.
17:31 of 1st period - Snap shot by Boyd Gordon.
17:31 of 1st period - Stopped by Ben Bishop without a rebound.
17:32 of 1st period - Samuel Pahlsson wins face-off versus Brandon Dubinsky in Thunder zone.
17:32 of 1st period - Samuel Pahlsson is hit by Wes O'Neill.
17:48 of 1st period - Wrist shot by T.J. Oshie.
17:48 of 1st period - Stopped by Mike Brodeur with a rebound.
18:00 of 1st period - Denis Hamel is hit by Éric Dazé and loses puck.
18:21 of 1st period - Wrist shot by Éric Dazé.
18:21 of 1st period - Deflect By Adam Hall.
18:21 of 1st period - Stopped by Mike Brodeur with a rebound.
18:27 of 1st period - Andreas Engqvist is hit by Shawn Belle.
18:28 of 1st period - Icing by Andreas Engqvist.
18:29 of 1st period - Andreas Engqvist wins face-off versus Brandon Dubinsky in Thunder zone.
18:36 of 1st period - Backhand shot by Alexei Semenov.
18:36 of 1st period - Shot Misses the Net.
19:07 of 1st period - Icing by Ryan Hollweg.
19:08 of 1st period - Brandon Dubinsky wins face-off versus Samuel Pahlsson in Thunder zone.
19:11 of 1st period - Snap shot by Phil Kessel.
19:11 of 1st period - Shot Blocked by Samuel Pahlsson.
19:21 of 1st period - Wrist shot by T.J. Oshie.
19:21 of 1st period - Stopped by Mike Brodeur with a rebound.
19:23 of 1st period - Snap shot by T.J. Oshie.
19:23 of 1st period - Stopped by Mike Brodeur with a rebound.
19:25 of 1st period - Slapshot by T.J. Oshie.
19:25 of 1st period - Deflect By Ryan Hollweg.
19:25 of 1st period - Shot Misses the Net.
19:25 of 1st period - Puck is out of play.
19:26 of 1st period - Tom Pyatt wins face-off versus Brett Sutter in Atomiques zone.
19:51 of 1st period - Andy Greene is hit by Andreas Engqvist and loses puck.

2nd period


0:01 of 2nd period - Samuel Pahlsson wins face-off versus Brandon Dubinsky in neutral zone.
0:04 of 2nd period - Slapshot by Ryan Hollweg.
0:04 of 2nd period - Stopped by Mike Brodeur with a rebound.
0:06 of 2nd period - Snap shot by T.J. Oshie.
0:06 of 2nd period - Stopped by Mike Brodeur without a rebound.
0:07 of 2nd period - Brandon Dubinsky wins face-off versus T.J. Oshie in Atomiques zone.
0:22 of 2nd period - Snap shot by Samuel Pahlsson.
0:22 of 2nd period - Stopped by Mike Brodeur without a rebound.
0:23 of 2nd period - Tom Pyatt wins face-off versus Denis Hamel in Atomiques zone.
0:38 of 2nd period - Snap shot by Boyd Gordon.
0:38 of 2nd period - Stopped by Ben Bishop without a rebound.
0:39 of 2nd period - Brandon Dubinsky wins face-off versus Samuel Pahlsson in Thunder zone.
0:43 of 2nd period - Icing by Alexei Semenov.
0:44 of 2nd period - Phil Kessel wins face-off versus Ryan Hollweg in Thunder zone.
1:40 of 2nd period - Slapshot by Andy Greene.
1:40 of 2nd period - Deflect By Pat Rissmiller.
1:40 of 2nd period - Shot Misses the Net.
1:40 of 2nd period - Puck is out of play.
1:41 of 2nd period - Samuel Pahlsson wins face-off versus Brandon Dubinsky in Thunder zone.
1:43 of 2nd period - Icing by T.J. Oshie.
1:44 of 2nd period - Samuel Pahlsson wins face-off versus Brandon Dubinsky in Thunder zone.
1:53 of 2nd period - Wrist shot by Samuel Pahlsson.
1:53 of 2nd period - Goal by Samuel Pahlsson - Thunder : 2 - Atomiques : 1.
1:54 of 2nd period - Ryan Hollweg wins face-off versus Brandon Dubinsky in neutral zone.
2:03 of 2nd period - Wrist shot by Samuel Pahlsson.
2:03 of 2nd period - Shot Misses the Net.
2:19 of 2nd period - Éric Dazé is hit by Boyd Gordon and loses puck.
2:26 of 2nd period - Snap shot by Tom Pyatt.
2:26 of 2nd period - Stopped by Mike Brodeur with a rebound.
2:58 of 2nd period - Brandon Mashinter is hit by Nick Johnson and loses puck.
3:03 of 2nd period - Wrist shot by Nick Johnson.
3:03 of 2nd period - Shot Misses the Net.
3:43 of 2nd period - Brandon Dubinsky is hit by Pierre-Alexandre Parenteau.
3:56 of 2nd period - Alexei Semenov is hit by Daniel Carcillo and loses puck.
4:46 of 2nd period - Slapshot by Daniel Carcillo.
4:46 of 2nd period - Deflect By Phil Kessel.
4:46 of 2nd period - Shot Misses the Net.
4:46 of 2nd period - Puck is out of play.
4:47 of 2nd period - Pierre-Alexandre Parenteau wins face-off versus Boyd Gordon in Thunder zone.
4:47 of 2nd period - Pierre-Alexandre Parenteau is hit by Wes O'Neill.
5:13 of 2nd period - John Zeiler is hit by Joey Ryan and loses puck.
5:28 of 2nd period - Wrist shot by Boyd Gordon.
5:28 of 2nd period - Goal by Boyd Gordon - Thunder : 2 - Atomiques : 2.
5:29 of 2nd period - Samuel Pahlsson wins face-off versus Brett Sutter in neutral zone.
5:46 of 2nd period - Minor Penalty to Joey Ryan for High sticking.
5:47 of 2nd period - Ryan Hollweg wins face-off versus Brandon Dubinsky in Thunder zone.
5:47 of 2nd period - Ryan Hollweg is hit by Daniel Carcillo.
6:56 of 2nd period - Daniel Carcillo is hit by Scott Parse and loses puck.
7:42 of 2nd period - Derek Peltier is hit by Adam Pardy and loses puck.
7:46 of 2nd period - Penalty to Joey Ryan is over, Joey Ryan is back on ice.
7:59 of 2nd period - Slapshot by Éric Dazé.
7:59 of 2nd period - Stopped by Mike Brodeur with a rebound.
8:01 of 2nd period - Snap shot by Ryan Hollweg.
8:01 of 2nd period - Stopped by Mike Brodeur without a rebound.
8:02 of 2nd period - Kyle Turris wins face-off versus Adam Hall in Atomiques zone.
8:34 of 2nd period - Backhand shot by Ivan Novoseltsev.
8:34 of 2nd period - Shot Blocked by Kyle Okposo.
8:48 of 2nd period - Snap shot by John Zeiler.
8:48 of 2nd period - Stopped by Ben Bishop with a rebound.
8:50 of 2nd period - Slapshot by Jonathan Girard.
8:50 of 2nd period - Deflect By John Zeiler.
8:50 of 2nd period - Stopped by Ben Bishop with a rebound.
9:10 of 2nd period - Slapshot by Daniel Carcillo.
9:10 of 2nd period - Stopped by Ben Bishop with a rebound.
9:45 of 2nd period - Boyd Gordon is hit by Derek Peltier and loses puck.
9:56 of 2nd period - Brett Sutter is hit by T.J. Oshie and loses puck.
10:15 of 2nd period - Wrist shot by Daniel Carcillo.
10:15 of 2nd period - Goal by Daniel Carcillo - Thunder : 2 - Atomiques : 3.
10:16 of 2nd period - Ryan Hollweg wins face-off versus Brandon Dubinsky in neutral zone.
10:51 of 2nd period - Snap shot by Éric Dazé.
10:51 of 2nd period - Goal by Éric Dazé - Thunder : 3 - Atomiques : 3.
10:52 of 2nd period - John Zeiler wins face-off versus Samuel Pahlsson in neutral zone.
11:19 of 2nd period - Icing by Daniel Carcillo.
11:20 of 2nd period - Brandon Dubinsky wins face-off versus Tom Pyatt in Atomiques zone.
11:25 of 2nd period - Tom Pyatt is hit by Daniel Carcillo and loses puck.
11:30 of 2nd period - Snap shot by Phil Kessel.
11:30 of 2nd period - Stopped by Ben Bishop with a rebound.
11:37 of 2nd period - Wrist shot by Brandon Dubinsky.
11:37 of 2nd period - Shot Misses the Net.
11:39 of 2nd period - Slapshot by Adam Pardy.
11:39 of 2nd period - Shot Misses the Net.
11:41 of 2nd period - Snap shot by Shawn Belle.
11:41 of 2nd period - Stopped by Ben Bishop with a rebound.
11:43 of 2nd period - Slapshot by Shawn Belle.
11:43 of 2nd period - Stopped by Ben Bishop with a rebound.
11:45 of 2nd period - Slapshot by Shawn Belle.
11:45 of 2nd period - Stopped by Ben Bishop without a rebound.
11:46 of 2nd period - Boyd Gordon wins face-off versus Samuel Pahlsson in Thunder zone.
11:53 of 2nd period - Slapshot by John Zeiler.
11:53 of 2nd period - Goal by John Zeiler - Thunder : 3 - Atomiques : 4.
11:54 of 2nd period - Samuel Pahlsson wins face-off versus Boyd Gordon in neutral zone.
12:01 of 2nd period - Snap shot by Jeff Finger.
12:01 of 2nd period - Deflect By Samuel Pahlsson.
12:01 of 2nd period - Shot Blocked by Boyd Gordon.
12:01 of 2nd period - Puck is out of play.
12:02 of 2nd period - Samuel Pahlsson wins face-off versus Boyd Gordon in Atomiques zone.
12:18 of 2nd period - Snap shot by T.J. Oshie.
12:18 of 2nd period - Goal by T.J. Oshie - Thunder : 4 - Atomiques : 4.
12:19 of 2nd period - Brandon Dubinsky wins face-off versus Samuel Pahlsson in neutral zone.
12:44 of 2nd period - Wes O'Neill is hit by Jeff Finger and loses puck.
13:09 of 2nd period - Tom Pyatt is hit by Boyd Gordon and loses puck.
14:28 of 2nd period - Boyd Gordon is hit by Andreas Engqvist and loses puck.
14:53 of 2nd period - Jonathan Girard is hit by Tom Pyatt and loses puck.
15:28 of 2nd period - Wrist shot by Phil Kessel.
15:28 of 2nd period - Deflect By Brandon Dubinsky.
15:28 of 2nd period - Shot Misses the Net.
15:28 of 2nd period - Puck is out of play.
15:29 of 2nd period - Brandon Dubinsky wins face-off versus Andreas Engqvist in Thunder zone.
15:30 of 2nd period - Wrist shot by Daniel Carcillo.
15:30 of 2nd period - Shot Misses the Net.
15:44 of 2nd period - Slapshot by Alexei Semenov.
15:44 of 2nd period - Deflect By Jason Chimera.
15:44 of 2nd period - Stopped by Mike Brodeur with a rebound.
15:52 of 2nd period - Wrist shot by Jason Chimera.
15:52 of 2nd period - Stopped by Mike Brodeur without a rebound.
15:53 of 2nd period - Samuel Pahlsson wins face-off versus Boyd Gordon in Atomiques zone.
15:56 of 2nd period - Wrist shot by Samuel Pahlsson.
15:56 of 2nd period - Stopped by Mike Brodeur with a rebound.
15:58 of 2nd period - Snap shot by T.J. Oshie.
15:58 of 2nd period - Goal by T.J. Oshie - Thunder : 5 - Atomiques : 4.
15:59 of 2nd period - Samuel Pahlsson wins face-off versus Brandon Dubinsky in neutral zone.
16:44 of 2nd period - Minor Penalty to Adam Pardy for Tripping.
16:45 of 2nd period - Boyd Gordon wins face-off versus Samuel Pahlsson in Atomiques zone.
18:43 of 2nd period - Tom Pyatt is hit by Wes O'Neill and loses puck.
18:44 of 2nd period - Penalty to Adam Pardy is over, Adam Pardy is back on ice.
19:36 of 2nd period - Snap shot by Adam Pardy.
19:36 of 2nd period - Stopped by Ben Bishop with a rebound.

3rd period


0:01 of 3rd period - Boyd Gordon wins face-off versus Samuel Pahlsson in neutral zone.
0:06 of 3rd period - Snap shot by Boyd Gordon.
0:06 of 3rd period - Shot Misses the Net.
0:39 of 3rd period - Pat Rissmiller is hit by Alexei Semenov and loses puck.
1:12 of 3rd period - Kenndal McArdle is hit by Joey Ryan and loses puck.
1:17 of 3rd period - Snap shot by Scott Parse.
1:17 of 3rd period - Stopped by Mike Brodeur with a rebound.
1:36 of 3rd period - Slapshot by John Zeiler.
1:36 of 3rd period - Goal by John Zeiler - Thunder : 5 - Atomiques : 5.
1:37 of 3rd period - Boyd Gordon wins face-off versus Samuel Pahlsson in neutral zone.
1:49 of 3rd period - Icing by Andy Greene.
1:50 of 3rd period - Boyd Gordon wins face-off versus Ryan Hollweg in Atomiques zone.
1:50 of 3rd period - Boyd Gordon is hit by Jeff Finger.
2:09 of 3rd period - Wrist shot by John Zeiler.
2:09 of 3rd period - Shot Blocked by Jeff Finger.
2:11 of 3rd period - Snap shot by Denis Hamel.
2:11 of 3rd period - Stopped by Ben Bishop without a rebound.
2:12 of 3rd period - Brandon Dubinsky wins face-off versus Tom Pyatt in Thunder zone.
2:19 of 3rd period - Slapshot by Ray Macias.
2:19 of 3rd period - Stopped by Mike Brodeur with a rebound.
2:43 of 3rd period - Wrist shot by John Zeiler.
2:43 of 3rd period - Shot Blocked by Ray Macias.
2:45 of 3rd period - Backhand shot by Andy Greene.
2:45 of 3rd period - Shot Blocked by Ray Macias.
2:47 of 3rd period - Slapshot by Andy Greene.
2:47 of 3rd period - Shot Misses the Net.
3:03 of 3rd period - Slapshot by Ray Macias.
3:03 of 3rd period - Stopped by Mike Brodeur with a rebound.
3:23 of 3rd period - Snap shot by Phil Kessel.
3:23 of 3rd period - Shot Misses the Net.
3:25 of 3rd period - Snap shot by Phil Kessel.
3:25 of 3rd period - Stopped by Ben Bishop with a rebound.
3:27 of 3rd period - Snap shot by Jonathan Girard.
3:27 of 3rd period - Shot Misses the Net.
3:43 of 3rd period - Snap shot by Ivan Novoseltsev.
3:43 of 3rd period - Stopped by Mike Brodeur with a rebound.
3:56 of 3rd period - Icing by Jonathan Girard.
3:57 of 3rd period - Samuel Pahlsson wins face-off versus Kyle Turris in Atomiques zone.
4:00 of 3rd period - Snap shot by T.J. Oshie.
4:00 of 3rd period - Shot Blocked by Jonathan Girard.
4:02 of 3rd period - Slapshot by Alexei Semenov.
4:02 of 3rd period - Stopped by Mike Brodeur with a rebound.
4:04 of 3rd period - Backhand shot by Jeff Finger.
4:04 of 3rd period - Stopped by Mike Brodeur without a rebound.
4:05 of 3rd period - Samuel Pahlsson wins face-off versus Brandon Dubinsky in Atomiques zone.
4:16 of 3rd period - Snap shot by T.J. Oshie.
4:16 of 3rd period - Goal by T.J. Oshie - Thunder : 6 - Atomiques : 5.
4:17 of 3rd period - Daniel Carcillo wins face-off versus Samuel Pahlsson in neutral zone.
4:25 of 3rd period - Wrist shot by Ryan Hollweg.
4:25 of 3rd period - Deflect By T.J. Oshie.
4:25 of 3rd period - Stopped by Mike Brodeur with a rebound.
4:27 of 3rd period - Wrist shot by Ryan Hollweg.
4:27 of 3rd period - Shot Blocked by Phil Kessel.
4:29 of 3rd period - Wrist shot by Ryan Hollweg.
4:29 of 3rd period - Shot Misses the Net.
4:43 of 3rd period - Jeff Finger is hit by Boyd Gordon and loses puck.
4:52 of 3rd period - Slapshot by Andy Greene.
4:52 of 3rd period - Shot Blocked by Tom Pyatt.
4:54 of 3rd period - Wrist shot by Boyd Gordon.
4:54 of 3rd period - Shot Misses the Net.
5:18 of 3rd period - Snap shot by Kyle Turris.
5:18 of 3rd period - Shot Misses the Net.
5:30 of 3rd period - Snap shot by Brett Sutter.
5:30 of 3rd period - Shot Misses the Net.
5:32 of 3rd period - Snap shot by Kyle Okposo.
5:32 of 3rd period - Stopped by Ben Bishop without a rebound.
5:33 of 3rd period - Brett Sutter wins face-off versus Samuel Pahlsson in Thunder zone.
5:42 of 3rd period - Wrist shot by Samuel Pahlsson.
5:42 of 3rd period - Stopped by Mike Brodeur with a rebound.
6:50 of 3rd period - Samuel Pahlsson is hit by John Zeiler and loses puck.
7:09 of 3rd period - Wrist shot by Nick Johnson.
7:09 of 3rd period - Shot Misses the Net.
7:11 of 3rd period - Slapshot by Shawn Belle.
7:11 of 3rd period - Stopped by Ben Bishop without a rebound.
7:12 of 3rd period - Tom Pyatt wins face-off versus Brandon Dubinsky in Thunder zone.
7:12 of 3rd period - Tom Pyatt is hit by Andy Greene.
7:13 of 3rd period - Minor Penalty to Andy Greene for Hooking.
7:14 of 3rd period - Boyd Gordon wins face-off versus Samuel Pahlsson in Atomiques zone.
8:45 of 3rd period - Daniel Carcillo is hit by Ryan Hollweg and loses puck.
9:13 of 3rd period - Penalty to Andy Greene is over, Andy Greene is back on ice.
9:20 of 3rd period - Slapshot by Denis Hamel.
9:20 of 3rd period - Stopped by Ben Bishop with a rebound.
9:52 of 3rd period - Wrist shot by Pat Rissmiller.
9:52 of 3rd period - Stopped by Ben Bishop with a rebound.
10:10 of 3rd period - Joey Ryan is hit by Shawn Belle and loses puck.
11:04 of 3rd period - Brandon Mashinter is hit by Brendon Nash and loses puck.
11:20 of 3rd period - Ray Macias is hit by Phil Kessel.
11:54 of 3rd period - Derek Peltier is hit by Pat Rissmiller and loses puck.
12:42 of 3rd period - Ivan Novoseltsev is hit by Denis Hamel and loses puck.
13:26 of 3rd period - Snap shot by Denis Hamel.
13:26 of 3rd period - Shot Misses the Net.
13:51 of 3rd period - Wes O'Neill is hit by Ivan Novoseltsev and loses puck.
14:22 of 3rd period - Wrist shot by Brett Sutter.
14:22 of 3rd period - Goal by Brett Sutter - Thunder : 6 - Atomiques : 6.
14:23 of 3rd period - Brandon Dubinsky wins face-off versus Andreas Engqvist in neutral zone.
14:26 of 3rd period - Jeff Finger is hit by Daniel Carcillo and loses puck.
15:14 of 3rd period - Pat Rissmiller is hit by Pierre-Alexandre Parenteau and loses puck.
15:36 of 3rd period - Minor Penalty to Kenndal McArdle for Roughing.
15:37 of 3rd period - Samuel Pahlsson wins face-off versus Boyd Gordon in Atomiques zone.
16:21 of 3rd period - Boyd Gordon is hit by Éric Dazé and loses puck.
16:35 of 3rd period - Minor Penalty to Ryan Hollweg for Hooking.
16:36 of 3rd period - Jason Chimera wins face-off versus Brandon Dubinsky in Thunder zone.
17:36 of 3rd period - Penalty to Kenndal McArdle is over, Kenndal McArdle is back on ice.
18:28 of 3rd period - Jeff Finger is hit by Phil Kessel and loses puck.
18:35 of 3rd period - Penalty to Ryan Hollweg is over, Ryan Hollweg is back on ice.
18:45 of 3rd period - Jeff Finger is hit by Pat Rissmiller and loses puck.
19:18 of 3rd period - Minor Penalty to Ryan Hollweg for Tripping.
19:19 of 3rd period - Scott Parse wins face-off versus Boyd Gordon in Thunder zone.
19:31 of 3rd period - Off-side.
19:32 of 3rd period - Brandon Dubinsky wins face-off versus Scott Parse in neutral zone.
19:47 of 3rd period - Scott Parse is hit by Brandon Dubinsky and loses puck.

Overtime #1


0:01 of 1st overtime period - Scott Parse wins face-off versus Brandon Dubinsky in neutral zone.
0:10 of 1st overtime period - Snap shot by Scott Parse.
0:10 of 1st overtime period - Shot Blocked by Andy Greene.
1:18 of 1st overtime period - Penalty to Ryan Hollweg is over, Ryan Hollweg is back on ice.
1:30 of 1st overtime period - Wrist shot by Éric Dazé.
1:30 of 1st overtime period - Stopped by Mike Brodeur without a rebound.
1:31 of 1st overtime period - Ryan Hollweg wins face-off versus Brandon Dubinsky in Atomiques zone.
1:38 of 1st overtime period - Wrist shot by Éric Dazé.
1:38 of 1st overtime period - Goal by Éric Dazé - Thunder : 7 - Atomiques : 6.


Output by the SimonT Hockey Simulator (STHS) for François Prévost -- Original Page W3C XHTML 1.0 Valid
Hockey Simulator - Hockey Simulation - Hockey Manager